 Dungeon Crawl Stone Soup version 0.29-a0-878-g7b45a56547 (webtiles) character file.

Game seed: 900417113798113454

674 SkeletonJelly the Grappler (level 7, -1/66 HPs)
             Began as a Troll Monk on July 19, 2022.
             Slain by an ice beast (5 damage)
             ... on level 5 of the Dungeon.
             The game lasted 00:05:52 (4293 turns).

SkeletonJelly the Grappler (Troll Monk)             Turns: 4293, Time: 00:05:53

Health: -1/66      AC:  4    Str: 22    XL:     7   Next: 33%
Magic:  6/6        EV: 10    Int: 12    God:
Gold:   264        SH:  0    Dex: 12    Spells: 6/6 levels left

rFire   . . .      SeeInvis +     - Unarmed
rCold   . . .      Faith    .   (no shield)
rNeg    . . .      Spirit   .   a - +0 robe
rPois   .          Reflect  .   (helmet restricted)
rElec   .          Harm     .   (no cloak)
rCorr   .          Rampage  .   (gloves unavailable)
Will    .....                   (boots unavailable)
Stlth   ++........              (no amulet)
HPRegen 1.01/turn               c - ring of see invisible
MPRegen 0.10/turn               s - +6 ring of intelligence

@: no status effects
A: large, unfitting armour, claws 3, regeneration 1, shaggy fur 1, tough skin 1
a: no special abilities


You were on level 5 of the Dungeon.
You visited 1 branch of the dungeon, and saw 5 of its levels.

You collected 264 gold pieces.

Inventory:

Hand Weapons
 w - a +1 antimagic hand axe
Missiles
 k - 11 poisoned darts (quivered)
Armour
 a - a +0 robe (worn)
Jewellery
 c - a ring of see invisible (left claw)
 s - a +6 ring of intelligence (right claw)
 x - a ring of protection from fire
Wands
 r - a wand of polymorph (5)
 u - a wand of roots (1)
Scrolls
 d - 2 scrolls of noise {unknown}
 e - 7 scrolls of identify {unknown}
 f - 3 scrolls of teleportation {unknown}
 h - a scroll of brand weapon {unknown}
 j - a scroll of fear {unknown}
 l - a scroll of torment {unknown}
 m - a scroll of silence {unknown}
 q - a scroll of acquirement {unknown}
 t - a scroll of enchant weapon {unknown}
 y - a scroll of fog {unknown}
Potions
 b - a potion of ambrosia
 g - 2 potions of haste {unknown}
 i - a potion of heal wounds {unknown}
 n - 4 potions of attraction {unknown}
 o - a potion of degeneration {unknown}
 p - a potion of experience {unknown}
 v - a potion of berserk rage {unknown}


   Skills:
 - Level 2.4 Fighting
 - Level 2.4 Dodging
 - Level 1.0 Stealth
 + Level 8.6 Unarmed Combat


You had 6 spell levels left.
You didn't know any spells.
Your spell library contained the following spells:

 Spells                   Type           Power      Damage    Failure   Level
 Apportation              Tloc           0%         N/A       32%         1
 Foxfire                  Conj/Fire      0%         2x1d4     32%         1
 Necrotise                Necr           0%         1d4       32%         1
 Slow                     Hex            0%         N/A       32%         1
 Summon Small Mammal      Summ           0%         N/A       32%         1
 Ensorcelled Hibernation  Hex/Ice        0%         N/A       45%         2
 Conjure Flame            Conj/Fire      0%         6-21      69%         3
 Inner Flame              Hex/Fire       0%         N/A       69%         3
 Spider Form              Tmut/Pois      0%         N/A       69%         3
 Anguish                  Hex/Necr       0%         N/A       97%         4
 Flame Wave               Conj/Fire      0%         2d4       97%         4


Dungeon Overview and Level Annotations

Branches:
Dungeon (5/15)
 Temple: D:4-7

Altars:
Elyvilon
Fedhas
Okawaru
Vehumet
The Shining One

Shops:
D:4 (


Innate Abilities, Weirdness & Mutations

You are too large for most types of armour.
You have claws for hands.
Your natural rate of healing is unusually fast.
You are covered in fur. (AC +1)
You have tough skin. (AC +1)


Message History

You scratch the scorpion but do no damage.
The scorpion closely misses you.
You scratch the scorpion.
The scorpion is moderately wounded.
The scorpion stings you!
You take 6 damage, and have 52/66 hp.
You barely miss the scorpion.
The scorpion is moderately wounded.
The scorpion stings you.
You take 1 damage, and have 51/66 hp.
You barely miss the scorpion. You claw the scorpion!
You kill the scorpion!
You scratch the orc.
The orc is heavily wounded.
The orc barely misses you.
You scratch the orc.
The orc is severely wounded.
You barely miss the orc.
The orc is severely wounded.
The orc misses you.
You scratch the orc but do no damage.
The orc is severely wounded.
The orc completely misses you.
You barely miss the orc.
The orc is severely wounded.
The orc hits you with a +0 club.
You closely miss the orc.
The orc is severely wounded.
The orc closely misses you.
You barely miss the orc.
The orc is severely wounded.
The orc barely misses you.
You scratch the orc.
You kill the orc!
The ice beast barely misses you.
Items here: ) †††.
You scratch the ice beast.
The ice beast is lightly wounded.
The ice beast hits you. The ice beast freezes you!
You take 14 damage, and have 45/66 hp.
MASSIVE DAMAGE!!
You barely miss the ice beast.
The ice beast is lightly wounded.
The ice beast hits you. The ice beast freezes you.
You take 9 damage, and have 36/66 hp.
You barely miss the ice beast.
The ice beast is lightly wounded.
The ice beast closely misses you.
You scratch the ice beast but do no damage.
The ice beast is lightly wounded.
The ice beast hits you. The ice beast freezes you!
You take 17 damage, and have 20/66 hp.
MASSIVE DAMAGE!!
You are too injured to fight recklessly!
You are too injured to fight recklessly!
You are too injured to fight recklessly!
You are too injured to fight recklessly!
You are too injured to fight recklessly!
You are too injured to fight recklessly!
You are too injured to fight recklessly!
You are too injured to fight recklessly!
You are too injured to fight recklessly!
You are too injured to fight recklessly!
You are too injured to fight recklessly!
You are too injured to fight recklessly!
You are too injured to fight recklessly!
You are too injured to fight recklessly!
You are too injured to fight recklessly!
You are too injured to fight recklessly!
You are too injured to fight recklessly!
You are too injured to fight recklessly!
You are too injured to fight recklessly!
You are too injured to fight recklessly!
You are too injured to fight recklessly!
You are too injured to fight recklessly!
You are too injured to fight recklessly!
You are too injured to fight recklessly!
You barely miss the ice beast.
The ice beast is lightly wounded.
The ice beast hits you but does no damage.
You scratch the ice beast but do no damage.
The ice beast is lightly wounded.
You barely miss the ice beast.
The ice beast is lightly wounded.
The ice beast hits you.
* * * LOW HITPOINT WARNING * * *
The ice beast freezes you.
* * * LOW HITPOINT WARNING * * *
You take 9 damage, and have 12/66 hp.
You closely miss the ice beast.
The ice beast is lightly wounded.
The ice beast hits you.
* * * LOW HITPOINT WARNING * * *
The ice beast freezes you!
* * * LOW HITPOINT WARNING * * *
You take 8 damage, and have 4/66 hp.
You claw the ice beast!
The ice beast is severely wounded.
The ice beast hits you.
* * * LOW HITPOINT WARNING * * *
The ice beast freezes you.
You die...

##........
##..........
#............
#............
#............
#............
#...........
#.Y........
##@#....... #..#
### ##..#
##...###
#......########
#........#....#
#............##
#.............#
#.............##


You could see an ice beast.

Vanquished Creatures
  2 necrophages
  2 scorpions (D:5)
  A howler monkey (D:5)
  An orc priest (D:3)
  A hound (D:3)
  Jessica (D:2)
  An iguana (D:4)
  An orc wizard (D:4)
  Natasha (thrice) (D:3)
  4 gnolls (D:4)
  4 adders
  An ufetubus (D:4)
  A worm (D:2)
  3 dart slugs
  9 orcs
  5 ball pythons
  3 endoplasms
  4 giant cockroaches
  5 goblins
  11 hobgoblins
  9 jackals
  5 kobolds
  2 quokkas (D:2)
  5 bats
  2 frilled lizards
  6 rats
92 creatures vanquished.

Notes
Turn   | Place    | Note
-------+----------+-------------------------------------------
     0 | D:1      | SkeletonJelly the Troll Monk began the quest for the Orb.
     0 | D:1      | Reached XP level 1. HP: 22/22 MP: 0/0
   171 | D:1      | Reached XP level 2. HP: 29/29 MP: 1/1
   174 | D:1      | Found a faded altar of an unknown god.
   221 | D:1      | Reached skill level 4 in Unarmed Combat
   423 | D:1      | Reached XP level 3. HP: 36/36 MP: 2/2
  1121 | D:2      | Noticed Jessica
  1129 | D:2      | Killed Jessica
  1130 | D:2      | Reached skill level 5 in Unarmed Combat
  1130 | D:2      | Reached XP level 4. HP: 39/44 MP: 3/3
  1147 | D:2      | Got Jessica's Grimoire of Spellbinding
  1673 | D:3      | Noticed a necrophage
  1679 | D:3      | Killed a necrophage
  1680 | D:3      | Reached XP level 5. HP: 50/50 MP: 4/4
  1828 | D:3      | Reached skill level 6 in Unarmed Combat
  2441 | D:3      | Found an iron altar of Okawaru.
  2443 | D:3      | Found a glowing golden altar of the Shining One.
  2446 | D:3      | Found a blossoming altar of Fedhas.
  2476 | D:3      | Found a radiant altar of Vehumet.
  2651 | D:4      | Noticed Natasha
  2677 | D:3      | Killed Natasha
  2715 | D:3      | Found a blossoming altar of Fedhas.
  2716 | D:3      | Found a radiant altar of Vehumet.
  2946 | D:3      | Found a glowing golden altar of the Shining One.
  3458 | D:3      | Noticed Natasha
  3471 | D:3      | Killed Natasha
  3472 | D:3      | Reached XP level 6. HP: 46/59 MP: 5/5
  3547 | D:3      | Noticed Natasha
  3560 | D:3      | Killed Natasha
  3561 | D:3      | Reached skill level 7 in Unarmed Combat
  3881 | D:4      | Found Ifyst's Weapon Shoppe.
  3905 | D:4      | Found a white marble altar of Elyvilon.
  4136 | D:5      | Entered Level 5 of the Dungeon
  4192 | D:5      | Reached skill level 8 in Unarmed Combat
  4197 | D:5      | Reached XP level 7. HP: 64/66 MP: 6/6
  4293 | D:5      | Slain by an ice beast

Illustrated notes

Levels and vault maps discovered:
D:1:      dpeg_arrival_long_road, layout_basic,
          chequers_ecumenical_altar_island, minmay_tetromino_s4
D:2:      layout_loops_corners, kennysheep_jessica_study
D:3:      layout_basic, nicolae_overflow_quartered_altars,
          nicolae_underground_beach
D:4:      layout_rooms, elyvilon_altar_5, serial_shops, shop_fountains,
          uniq_natasha
D:5:      layout_cave_pods, amethyst_killhole, minmay_misc_feat_encased,
          uniq_edmund

Skill      XL: |  1  2  3  4  5  6 |
---------------+-------------------+-----
Unarmed Combat | 4 5 6 8 |  8.6
Fighting       | |  2.4
Dodging        | |  2.4
Stealth        | |  1.0

Action                   |  1- 3 |  4- 6 |  7- 9 || total
-------------------------+-------+-------+-------++-------
Melee: Unarmed           |    79 |   145 |    24 ||   248
       Punch             |     2 |     3 |     1 ||     6
 Stab: Sleeping          |     1 |     2 |       ||     3
Armor: Robe              |    15 |    40 |     1 ||    56
Dodge: Dodged            |    36 |    80 |     9 ||   125

Table legend: (Time is in decaauts)
 A = Elapsed time spent in this place.
 B = Non-inter-level travel time spent in this place.
 C = Inter-level travel time spent in this place.
 D = Time resting spent in this place.
 E = Time spent auto-exploring this place.
 F = Levels seen in this place.
 G = Mean time per level.
                   A        B        C        D        E       F      G
               +--------+--------+--------+--------+--------+-----+--------+
         Total |   4268 |   4115 |    153 |      0 |   3573 |   5 |  853.6 |
       Dungeon |   4268 |   4115 |    153 |      0 |   3573 |   5 |  853.6 |
               +--------+--------+--------+--------+--------+-----+--------+

Top non-repeatable levels by time:
     D:3: 2060 daAuts
     D:2: 891 daAuts
     D:1: 775 daAuts
     D:4: 389 daAuts
     D:5: 151 daAuts
